Cogmind - Beta 15 @@@ ROGUE MODE // 2025.06.29 @ 20:12:56 // AFD2020/Player2 Player: Demo Result: Destroyed by Y-64 Sentinel with KE Penetrator Performance ------------- Evolutions (5) 2500 Regions Visited (11) 2200 Robots Destroyed (108) 540 Value Destroyed (4877) 4877 Prototype IDs (8) 160 Alien Tech Used (0) 0 Bonus (2457) 2457 TOTAL SCORE: 12734 Bonus ------- High Alert Combat Kills 966 Follower Combat Kills 1487 Entered Garrisons 400 Used RIF Installer 500 Entered DSFs 500 Friendly Fire -1396 Cogmind --------- Core Integrity 0/1000 Matter 300/300 Energy 175/175 System Corruption 27% Temperature Cool (0) Movement Treading (240) Ox1 Location -5/Factory Parts ------- > --- POWER (2) -------- Light Ion Engine Light Angular Momentum Engine > --- PROPULSION (4) --- Improved Treads Flexi-carbon Leg Flexi-carbon Leg > --- UTILITY (6) ------ Advanced Heat Sink Advanced Heat Sink Advanced Heat Sink Improved Coolant Injector Medium Storage Unit > --- WEAPON (5) ------- (None) > --- INVENTORY (10) --- Compact Wheel High-powered Tractor Beam Peak State ------------ > --- POWER ------------ Micro Nuclear Core > --- PROPULSION ------- Light Treads Light Treads Improved Treads Improved Treads > --- UTILITY ---------- Improved Cryofiber Web Improved Heat Sink High-capacity Storage Unit Improved Targeting Computer Hardened Medium Armor Plating Graphene Brace > --- WEAPON ----------- Heavy Particle Gun Cooled Plasma Cannon Cooled Plasma Cannon Compact Ion Cannon > --- INVENTORY -------- Improved Cryofiber Web High-capacity Storage Unit High-capacity Matter Pod Hardened Medium Armor Plating Hardened Medium Armor Plating Relay Coupler [NC] Relay Coupler [NC] Relay Coupler [NC] Relay Coupler [NC] Relay Coupler [NC] Cooled Plasma Cannon Cooled Plasma Cannon Compact Ion Cannon Compact Ion Cannon Compact Ion Cannon Mini Grenade Launcher Mini Grenade Launcher Datajack Remote Datajack Remote Datajack [Rating: 59] Favorites ----------- Power Light Nuclear Core Engine Light Ion Engine Power Core Light Nuclear Core Propulsion Light Treads Treads Light Treads Leg Carbon-fiber Leg Wheel Compact Wheel Hover Unit Backup Propulsion I Utility High-capacity Storage Unit Device Improved Heat Sink Storage High-capacity Storage Unit Processor Improved Targeting Computer Hackware Relay Coupler [NC] Protection Hardened Medium Armor Plating Weapon Improved Medium Laser Energy Gun Improved Medium Laser Energy Cannon Compact Ion Cannon Ballistic Gun Improved Assault Rifle Launcher Mini Grenade Launcher Special Melee Weapon Datajack Build | -11 -10 -9 -9 -8 -8 -8 -7 -7 -6 -6 -5 ------- Run | Yrd Mat Mat Min Mat Gar Mat Fac DSF Fac Gar Fac Slots Evolved 10 | . . 2 . 2 . . 2 . 2 . 2 Power 1 | . . . . . . . . . . . 1 Propulsion 2 | . . 2 . . . . . . . . . Utility 4 | . . . . . . . 2 . 2 . . Weapon 3 | . . . . 2 . . . . . . 1 Parts Attached 112 | 6 3 7 7 6 6 7 2 7 9 7 45 Power 17 | 1 . 1 . 3 1 . . 1 . . 10 Engine 12 | 1 . 1 . 2 . . . . . . 8 Core 5 | . . . . 1 1 . . 1 . . 2 Reactor . | . . . . . . . . . . . . Propulsion 28 | 2 . 2 2 1 2 2 . . 1 2 14 Treads 14 | 2 . 2 2 1 2 2 . . 1 1 1 Leg 7 | . . . . . . . . . . 1 6 Wheel 7 | . . . . . . . . . . . 7 Hover . | . . . . . . . . . . . . Flight . | . . . . . . . . . . . . Utility 34 | 1 2 1 2 1 1 1 2 3 3 4 13 Device 17 | . 1 . . 1 1 . . . 3 3 8 Storage 6 | 1 1 1 . . . . . 1 . . 2 Processor 2 | . . . . . . . . 1 . . 1 Hackware 2 | . . . . . . 1 . . . . 1 Protection 7 | . . . 2 . . . 2 1 . 1 1 Artifact . | . . . . . . . . . . . . Weapon 33 | 2 1 3 3 1 2 4 . 3 5 1 8 Energy Gun 14 | 1 . 2 3 1 . 2 . 2 . . 3 Energy Cannon 9 | . . . . . . . . 1 5 1 2 Ballistic Gun 7 | 1 1 1 . . 1 1 . . . . 2 Ballistic Cannon . | . . . . . . . . . . . . Launcher 2 | . . . . . 1 . . . . . 1 Special Weapon . | . . . . . . . . . . . . Impact Weapon . | . . . . . . . . . . . . Slashing Weapon . | . . . . . . . . . . . . Piercing Weapon . | . . . . . . . . . . . . Special Melee Weapon 1 | . . . . . . 1 . . . . . Unidentified Prototypes 7 | . . 3 . 1 . 1 . 1 1 . . Corrupted Parts 1 | . . . . . . . . . . . 1 System Corruption 4 | . . . . . . . . . . . 4 Parts Lost 49 | . . . 4 1 1 . . 2 . 8 33 Power 10 | . . . . . 1 . . 1 . . 8 Propulsion 19 | . . . 2 . . . . 1 . 4 12 Utility 8 | . . . . 1 . . . . . 3 4 Weapon 12 | . . . 2 . . . . . . 1 9 Highest Loss Streak 9 | . . . 4 1 1 . . 1 . 7 9 To Critical Strikes . | . . . . . . . . . . . . Average Backups 15 | . 2 12 18 19 19 19 18 19 19 15 3 Power . | . . . 1 . . 1 1 . . . . Propulsion 1 | . 1 3 4 2 . . 1 . . . . Utility 7 | . 1 6 9 8 9 10 9 9 10 8 . Weapon 4 | . . 2 4 7 7 4 4 5 6 5 . Tool/Special . | . . . . . . . . . . . . Unused Backups 45 | . . 16 . 2 7 4 . 4 2 9 1 Power . | . . . . . . . . . . . . Propulsion 4 | . . 3 . . . . . . . . 1 Utility 28 | . . 8 . 2 5 2 . 3 2 6 . Weapon 11 | . . 5 . . 2 2 . 1 . 1 . Tool/Special 2 | . . . . . . . . . . 2 . Average Slot Usage (%) 91 | . 89 99 99 97 99 100 97 99 99 66 61 Engine 4 | . 14 11 11 5 . . . . . . 7 Core 4 | . . . . 3 8 9 7 6 6 4 1 Treads 29 | . 28 43 44 35 36 36 30 30 26 15 . Device 9 | . 9 11 5 4 8 8 7 7 19 13 10 Storage 8 | . 14 11 11 9 9 9 7 7 6 4 8 Processor 1 | . . . . . . . . 6 6 4 . Protection 1 | . . . 5 3 . . 12 7 6 4 . Energy Gun 12 | . 6 3 16 26 20 19 23 18 2 . 2 Energy Cannon 3 | . . . . . . . . 4 22 17 5 Ballistic Gun 8 | . 16 18 5 9 10 7 . 6 . . 2 Launcher 2 | . . . . . 5 8 7 . . . . Peak Build Rating 59 | 6 7 17 18 27 31 31 34 43 59 57 58 Average Rating 27 | 4 6 11 16 24 28 29 33 39 55 38 31 On Entrance 22 | . 6 7 17 18 27 29 30 34 43 56 2 Naked Turns 8 | . . . . . . . . . . 8 . Heaviest Build 85 | 14 30 54 56 60 60 59 66 70 80 85 54 Greatest Support 89 | 40 40 80 80 83 89 89 89 89 86 83 55 Greatest Overweight (x) 3 | . . . . . . . . . . 3 3 Average Overweight (x) . | . . . . . . . . . . . 1 Largest Inventory Capacity 20 | 8 15 20 20 20 20 20 20 20 20 20 10 Average Capacity 17 | 7 12 17 20 20 20 20 20 20 20 15 8 Most Carried 20 | . 4 20 20 20 20 20 19 20 20 20 6 Average Carried 15 | . 2 12 18 19 19 19 18 19 19 15 3 Final Capacity 20 | 8 15 20 20 20 20 20 20 20 20 5 10 Final Carried 20 | . 4 20 19 20 20 20 18 20 20 5 2 Class Distribution -------------------- 38% | Bothacker-Gunner 29% | Mutant 15% | Gunner 7% | Scavenger-Mutant 3% | Tank Dominant Class ---------------- Mutant | -10/Materials Mutant | -9/Materials Mutant | -9/Mines Gunner | -8/Materials Gunner | -8/Garrison Bothacker-Gunner | -8/Materials Bothacker-Gunner | -7/Factory Bothacker-Gunner | -7/DSF Bothacker-Gunner | -6/Factory Bothacker-Gunner | -6/Garrison Scavenger-Mutant | -5/Factory Resources | -11 -10 -9 -9 -8 -8 -8 -7 -7 -6 -6 -5 ----------- Run | Yrd Mat Mat Min Mat Gar Mat Fac DSF Fac Gar Fac Matter Collected 2964 | 72 174 703 67 132 328 351 . 152 101 97 787 Remotely 379 | . . . . . . . . . . . 379 Salvage Created 4486 | . 90 405 149 133 541 707 . 255 67 199 1940 Parts 197 | . 7 29 8 12 24 38 . 15 4 5 55 Haulers Intercepted 6 | . . 2 . . . 4 . . . . . Recyclers Shooed 8 | . . . . . . 1 . . . . 7 Parts Field Recycled . | . . . . . . . . . . . . Retrieved Matter . | . . . . . . . . . . . . Parts Self-Destructed . | . . . . . . . . . . . . Prevented . | . . . . . . . . . . . . Kills | -11 -10 -9 -9 -8 -8 -8 -7 -7 -6 -6 -5 ------- Run | Yrd Mat Mat Min Mat Gar Mat Fac DSF Fac Gar Fac Combat Hostiles Destroyed 83 | . 2 5 5 4 13 14 . 5 1 5 29 Melee 2 | . . . . . . . . . . 2 . Guns 45 | . 2 5 5 4 12 9 . 5 . . 3 Cannons 16 | . . . . . . . . . 1 3 12 AOE 15 | . . . . . 1 5 . . . . 9 Classes Destroyed 19 | . 2 7 2 3 1 . . 2 . 1 1 Worker 6 | . . 2 . . . 2 . . . . 2 Builder 5 | . . 1 . . . 2 . . . . 2 Tunneler 1 | . . 1 . . . . . . . . . Hauler 6 | . . 2 . . . 4 . . . . . Recycler 5 | . . . . . . . . . . . 5 Mechanic 1 | . . 1 . . . . . . . . . Watcher 4 | . 1 . . . . 3 . . . . . Swarmer 14 | . . . . 2 2 4 . 1 . . 5 Grunt 40 | . 2 2 1 . 8 9 . 1 . 3 14 Brawler 2 | . . . . 1 . . . . . . 1 Duelist 2 | . . 1 . . . . . . . . 1 Sentry 7 | . . 2 . . 1 . . 1 1 1 1 Demolisher 2 | . . . 1 . 1 . . . . . . Specialist 1 | . . . . . . . . 1 . . . Hunter 4 | . . . . 1 . 1 . . . . 2 Programmer 6 | . . . . . 1 . . . . . 5 Heavy 1 | . . . . . . . . 1 . . . Behemoth 1 | . . . . . . . . . . 1 . Assembled 3 | . . . 3 . . . . . . . . Best Kill Streak 14 | . 1 5 4 2 5 9 . 3 1 2 14 Combat Bots Only 11 | . 1 4 4 2 5 6 . 3 1 2 11 Max Kills in Single Turn 2 | . 1 1 1 1 2 2 . 1 1 1 2 Gunslinging 1 | . . . . . 1 1 . . . . . Exploded 2 | . . . . . 1 2 . . . . 2 Melee 1 | . . . . . . . . . . 1 . Uniques/NPCs Destroyed . | . . . . . . . . . . . . Combat | -11 -10 -9 -9 -8 -8 -8 -7 -7 -6 -6 -5 -------- Run | Yrd Mat Mat Min Mat Gar Mat Fac DSF Fac Gar Fac Hostile Shots Fired 476 | . 21 31 63 20 47 16 . 46 . 74 158 Missed 135 | . 7 8 21 5 10 4 . 15 . 21 44 Hits 341 | . 14 23 42 15 37 12 . 31 . 53 114 Melee 10 | . . 1 5 . . . . . . . 4 Projectile 331 | . 14 22 37 15 37 12 . 31 . 53 110 AOE 6 | . . . 1 . 1 . . . . . 4 Critical Strikes 13 | . . 1 . 1 2 . . 1 . 1 7 Part Disruptions 2 | . . . . . . . . . . . 2 Damage Taken 6896 | . 151 311 657 138 733 269 . 497 . 1210 2930 Core 1004 | . 55 29 104 28 63 22 . 48 . 162 493 Absorbed by Shields . | . . . . . . . . . . . . Redirected to Shielding 21 | . . . 15 . . . . . . . 6 Regen/Repaired (Parts) 125 | . . . . 125 . . . . . . . Core Remaining (%) 42 | 100 35 . 1 . . 24 . 88 . 9 . Volleys Fired 311 | . 29 32 12 9 54 41 . 13 2 21 98 Largest 4 | . 2 2 2 4 4 4 . 4 4 4 4 Hottest 360 | . 70 79 112 180 180 167 . 242 360 360 347 Shots Fired 699 | . 36 64 24 29 151 109 . 48 8 37 193 Gun 517 | . 36 64 24 29 133 101 . 44 1 . 85 Cannon 147 | . . . . . . . . 4 7 37 99 Launcher 35 | . . . . . 18 8 . . . . 9 Special . | . . . . . . . . . . . . Kinetic 233 | . 29 61 . 9 47 33 . 13 . . 41 Thermal 398 | . 7 3 12 18 74 68 . 35 8 35 138 Explosive 35 | . . . . . 18 8 . . . . 9 Electromagnetic 33 | . . . 12 2 12 . . . . 2 5 Robot Hit Streak 19 | . 4 19 5 6 15 11 . 11 8 12 10 Robot Miss Streak 5 | . 3 2 2 2 3 5 . 2 1 1 4 Penetration Max . | . . . . . . . . . . . . Secondary Targets 11 | . . 2 2 1 2 3 . . . . 1 Max Gunslinging Chain 1 | . . 1 1 1 1 1 . . . . 1 Shots Hit Robots 397 | . 19 48 17 14 63 66 . 33 6 23 108 Core Hits 206 | . 7 19 15 7 28 44 . 11 2 5 68 Critical Kills 4 | . . 1 . . . . . . . . 3 Critical Parts Destroyed 2 | . . 1 . . 1 . . . . . . Critical Strikes 11 | . . 2 . . 3 2 . . . . 4 Burn 5 | . . . . . 2 2 . . . . 1 Meltdown 3 | . . . . . . . . . . . 3 Destroy 3 | . . 2 . . 1 . . . . . . Melee Attacks 2 | . . . . . . 2 . . . . . Impact . | . . . . . . . . . . . . Slashing . | . . . . . . . . . . . . Piercing . | . . . . . . . . . . . . Sneak Attacks 2 | . . . . . . 2 . . . . . Combat Hostiles . | . . . . . . . . . . . . Follow-up Attacks . | . . . . . . . . . . . . Damage Inflicted 11860 | . 242 569 350 241 1255 2155 . 673 196 776 5403 Guns 5040 | . 242 541 324 241 1049 1003 . 646 16 . 978 Cannons 3371 | . . . . . . . . 27 180 772 2392 Explosions 3345 | . . . . . 206 1106 . . . . 2033 Melee . | . . . . . . . . . . . . Ramming 104 | . . 28 26 . . 46 . . . 4 . Kinetic 1937 | . 204 524 . 57 319 311 . 166 . . 356 Thermal 6251 | . 38 17 166 156 641 692 . 507 196 761 3077 Explosive 3219 | . . . . . 206 1106 . . . . 1907 Electromagnetic 349 | . . . 158 28 89 . . . . 11 63 Impact . | . . . . . . . . . . . . Slashing . | . . . . . . . . . . . . Piercing . | . . . . . . . . . . . . Highest Corruption 27 | . . . . . . 1 . . . . 27 Average Corruption 17 | . . . . . . 1 . . . . 17 Corruption Purged . | . . . . . . . . . . . . Corruption Blocked . | . . . . . . . . . . . . Effects 43 | . . . . . . . . . . . 43 Message Errors 9 | . . . . . . . . . . . 9 Matter Fused 8 | . . . . . . . . . . . 8 Heat Flow Errors 3 | . . . . . . . . . . . 3 Energy Discharges 2 | . . . . . . . . . . . 2 Parts Rejected 1 | . . . . . . . . . . . 1 Parts Fused 1 | . . . . . . . . . . . 1 Data Loss (minor) 5 | . . . . . . . . . . . 5 Data Loss (major) 3 | . . . . . . . . . . . 3 Misdirections 1 | . . . . . . . . . . . 1 Weapon Failures 10 | . . . . . . . . . . . 10 Overload Shots 18 | . . . . . . . . . . . 18 Effects 1 | . . . . . . . . . . . 1 Energy Bleed 1 | . . . . . . . . . . . 1 Overflow Damage 330 | . . . . . 6 33 . . 16 . 275 Projectiles 207 | . . . . . . . . . 16 . 191 Explosions 123 | . . . . . 6 33 . . . . 84 Melee . | . . . . . . . . . . . . Knockbacks 1 | . . . . . . 1 . . . . . Impact 1 | . . . . . . 1 . . . . . Kinetic . | . . . . . . . . . . . . Secondary . | . . . . . . . . . . . . Self-Inflicted Damage 121 | . . . . . 103 . . . . . 18 Shots 5 | . . . . . 4 . . . . . 1 Rammed 11 | . . 2 4 . . 5 . . . . . Targets Rammed 15 | . . 3 4 . . 6 . . . 2 . Kicked . | . . . . . . . . . . . . Crushed 4 | . . 1 . . . 1 . . . 2 . Highest Temperature 370 | . 29 370 276 285 365 148 . 139 15 . 268 Average Temperature 81 | . 21 108 123 108 84 37 . 52 15 . 94 Received Heat Transfer 1396 | . 84 96 52 . 333 81 . 66 . 213 471 Siege Activations . | . . . . . . . . . . . . Martial Activations . | . . . . . . . . . . . . Shielding Activations . | . . . . . . . . . . . . Robots Disrupted . | . . . . . . . . . . . . Combat Hostiles . | . . . . . . . . . . . . Robots Corrupted . | . . . . . . . . . . . . Combat Hostiles . | . . . . . . . . . . . . Parts Fried 1 | . . . . . . . . . . . 1 Impact Corruptions . | . . . . . . . . . . . . Robots Melted 7 | . . . . . . . . . . . 7 Combat Hostiles 5 | . . . . . . . . . . . 5 Parts Melted 28 | . . . . . 1 4 . . . . 23 Heat Transferred 10692 | . 111 37 370 333 1458 1637 . 962 259 962 4563 Parts Sabotaged . | . . . . . . . . . . . . Parts Stolen . | . . . . . . . . . . . . Parts Stripped . | . . . . . . . . . . . . Power Chain Reactions . | . . . . . . . . . . . . Alert | -11 -10 -9 -9 -8 -8 -8 -7 -7 -6 -6 -5 ------- Run | Yrd Mat Mat Min Mat Gar Mat Fac DSF Fac Gar Fac Maximum Alert Level 4 | . . 1 . . 3 4 2 2 1 1 4 Low Security (%) 32 | 100 100 71 100 100 7 . . . . 32 16 Level 1 22 | . . 28 . . 22 . . 27 100 67 4 Level 2 17 | . . . . . 7 40 100 72 . . 40 Level 3 24 | . . . . . 62 43 . . . . 33 Level 4 3 | . . . . . . 15 . . . . 5 Level 5 . | . . . . . . . . . . . . High Security . | . . . . . . . . . . . . Max Security . | . . . . . . . . . . . . Sterilizations 1 | . . . . . . . . 1 . . . Peak Influence 1124 | . 52 321 103 144 1044 1124 500 618 341 314 1121 Initial 508 | . . . 103 17 80 508 500 343 324 147 151 Average 454 | . 13 107 56 56 708 802 499 458 290 236 681 Influence Increases 5636 | . 86 459 105 224 974 1178 . 335 95 392 1788 Destroy 0b10 Robot/C 2640 | . 40 220 60 140 480 540 . 220 40 220 680 Destroy 0b10 Robot/NC 270 | . 5 60 5 . 5 115 . . 5 . 75 Destroy Leader 484 | . 12 60 20 40 20 126 . 50 20 10 126 Allied During Kill 804 | . 13 77 20 43 125 180 . 65 15 57 209 Disable Machine 615 | . . 15 . . . 135 . . . 15 450 Anti-Garrison Action 200 | . . . . . 200 . . . . . . Destroy Structure 458 | . 1 12 . 1 144 67 . . . 15 218 Lose Combat Pursuer 165 | . 15 15 . . . 15 . . 15 75 30 Influence Decreases 4581 | . 84 194 327 145 54 1122 610 207 502 314 1022 Entered New Map 2017 | . . 2 164 28 44 536 600 147 294 64 138 Time Decay 1401 | . 74 182 110 107 . 386 10 . 198 . 334 Lost Part 1003 | . 10 10 53 10 10 50 . 60 10 240 550 Lost Ally 10 | . . . . . . . . . . 10 . Purge Threat 150 | . . . . . . 150 . . . . . Squads Dispatched 24 | . 1 . 1 3 . 5 . 3 1 . 10 Investigation 3 | . . . . 1 . . . . . . 2 Extermination 2 | . . . . . . . . . 1 . 1 Reinforcement 10 | . 1 . 1 . . 3 . 3 . . 2 Assault 4 | . . . . . . 2 . . . . 2 Garrison 5 | . . . . 2 . . . . . . 3 Intercept . | . . . . . . . . . . . . Searches Triggered . | . . . . . . . . . . . . Construction Impeded 5 | . . . 1 . . 2 . . . . 2 Haulers Reinforced . | . . . . . . . . . . . . Active Scanning Responses . | . . . . . . . . . . . . Cargo Convoy Interrupts . | . . . . . . . . . . . . Stealth | -11 -10 -9 -9 -8 -8 -8 -7 -7 -6 -6 -5 --------- Run | Yrd Mat Mat Min Mat Gar Mat Fac DSF Fac Gar Fac Distress Signals 6 | . 1 . . . . 5 . . . . . Communications Jammed . | . . . . . . . . . . . . Distress Signals . | . . . . . . . . . . . . Times Spotted 170 | . 6 13 23 7 22 30 . 9 2 18 40 Peak Tracking Total 19 | . 2 4 19 3 6 9 . 3 2 7 9 Tactical Retreats 8 | . 1 1 . . . 1 . . 1 2 2 Traps | -11 -10 -9 -9 -8 -8 -8 -7 -7 -6 -6 -5 ------- Run | Yrd Mat Mat Min Mat Gar Mat Fac DSF Fac Gar Fac Traps Triggered 2 | . . . . . . 1 . . . . 1 Indirectly . | . . . . . . . . . . . . Trap Hack Attempts . | . . . . . . . . . . . . Triggered . | . . . . . . . . . . . . Disarmed . | . . . . . . . . . . . . Reprogrammed . | . . . . . . . . . . . . Reused . | . . . . . . . . . . . . Traps Extracted . | . . . . . . . . . . . . Installed . | . . . . . . . . . . . . Triggered . | . . . . . . . . . . . . Machines | -11 -10 -9 -9 -8 -8 -8 -7 -7 -6 -6 -5 ---------- Run | Yrd Mat Mat Min Mat Gar Mat Fac DSF Fac Gar Fac Machines Disabled 44 | . . 1 . . 3 9 . . . 1 30 Max in Single Turn 16 | . . 1 . . 1 1 . . . 1 16 Garrison Relay 3 | . . . . . 3 . . . . . . Machines Repaired . | . . . . . . . . . . . . Machines Dismantled . | . . . . . . . . . . . . Machines Sabotaged . | . . . . . . . . . . . . Overloaded Fab Kills . | . . . . . . . . . . . . Hacking | -11 -10 -9 -9 -8 -8 -8 -7 -7 -6 -6 -5 --------- Run | Yrd Mat Mat Min Mat Gar Mat Fac DSF Fac Gar Fac Machines Accessed 8 | . . . . 3 1 . 1 . 1 . 2 Terminals 3 | . . . . 1 1 . 1 . . . . Fabricators . | . . . . . . . . . . . . Repair Stations 3 | . . . . 1 . . . . . . 2 Recycling Units . | . . . . . . . . . . . . Scanalyzers . | . . . . . . . . . . . . Garrison Access 2 | . . . . 1 . . . . 1 . . Total Hacks 19 | . . . . 8 2 . 2 . 1 . 6 Successful 7 | . . . . 4 . . 1 . 1 . 1 Failed 12 | . . . . 4 2 . 1 . . . 5 Catastrophic 1 | . . . . . 1 . . . . . . Database Lockouts . | . . . . . . . . . . . . Manual 2 | . . . . 2 . . . . . . . Terminals 8 | . . . . 4 2 . 2 . . . . Fabricators . | . . . . . . . . . . . . Repair Stations 9 | . . . . 3 . . . . . . 6 Recycling Units . | . . . . . . . . . . . . Scanalyzers . | . . . . . . . . . . . . Garrison Access 2 | . . . . 1 . . . . 1 . . Terminal Hacks 2 | . . . . 1 . . 1 . . . . Prototype ID Bank 1 | . . . . 1 . . . . . . . Open DSF 1 | . . . . . . . 1 . . . . Fabricator Hacks . | . . . . . . . . . . . . Repair Station Hacks 3 | . . . . 2 . . . . . . 1 Scan Component 1 | . . . . 1 . . . . . . . Repair 1 | . . . . 1 . . . . . . . Refit 1 | . . . . . . . . . . . 1 Recycling Unit Hacks . | . . . . . . . . . . . . Scanalyzer . | . . . . . . . . . . . . Garrison Access Hacks 2 | . . . . 1 . . . . 1 . . Unlock Access 2 | . . . . 1 . . . . 1 . . Unauthorized Hacks . | . . . . . . . . . . . . Terminals . | . . . . . . . . . . . . Fabricators . | . . . . . . . . . . . . Repair Stations . | . . . . . . . . . . . . Recycling Units . | . . . . . . . . . . . . Scanalyzers . | . . . . . . . . . . . . Garrison Access . | . . . . . . . . . . . . Data Cores Recovered 1 | . . . . . . 1 . . . . . Used . | . . . . . . . . . . . . Hacking Detections 7 | . . . . 3 1 . 1 . . . 2 Full Trace Events 3 | . . . . 1 1 . . . . . 1 Feedback Events . | . . . . . . . . . . . . Feedback Blocked . | . . . . . . . . . . . . Robot Schematics Acquired . | . . . . . . . . . . . . Robots Built . | . . . . . . . . . . . . Authchips . | . . . . . . . . . . . . Time . | . . . . . . . . . . . . Total Robot Build Rating . | . . . . . . . . . . . . Part Schematics Acquired . | . . . . . . . . . . . . Parts Built . | . . . . . . . . . . . . Authchips . | . . . . . . . . . . . . Time . | . . . . . . . . . . . . Total Part Build Rating . | . . . . . . . . . . . . Parts Repaired 1 | . . . . 1 . . . . . . . Time 26 | . . . . 26 . . . . . . . Parts Recycled . | . . . . . . . . . . . . Recycled Matter . | . . . . . . . . . . . . Retrieved Matter . | . . . . . . . . . . . . Retrieved Components . | . . . . . . . . . . . . Parts Scanalyzed . | . . . . . . . . . . . . Part Schematics Acquired . | . . . . . . . . . . . . Parts Damaged . | . . . . . . . . . . . . Bothacking | -11 -10 -9 -9 -8 -8 -8 -7 -7 -6 -6 -5 ------------ Run | Yrd Mat Mat Min Mat Gar Mat Fac DSF Fac Gar Fac Used RIF Installer 1 | . . . . . 1 . . . . . . Robots Hacked 1 | . . . . . . 1 . . . . . Non-combat 1 | . . . . . . 1 . . . . . Combat . | . . . . . . . . . . . . Robot Hacks Applied 2 | . . . . . . 2 . . . . . purge_threat 1 | . . . . . . 1 . . . . . formatsys_low 1 | . . . . . . 1 . . . . . Relay Couplers Released 11 | . . . . . 11 . . . . . . Machine Destruction 11 | . . . . . 11 . . . . . . Attached 2 | . . . . . . 1 . . . . 1 Fabnet Peak Effective % . | . . . . . . . . . . . . Robots Rewired . | . . . . . . . . . . . . Allies Hacked 1 | . . . . . . . . . 1 . . Hacks Repelled . | . . . . . . . . . . . . Allies | -11 -10 -9 -9 -8 -8 -8 -7 -7 -6 -6 -5 -------- Run | Yrd Mat Mat Min Mat Gar Mat Fac DSF Fac Gar Fac Total Allies 2 | . 1 . . . . 1 . . . . . Largest Group 2 | . 1 1 1 1 1 2 2 2 2 2 1 Highest-Rated Group 123 | . 58 70 77 83 90 100 107 114 123 123 101 Highest-Rated Ally 113 | . 58 70 77 83 90 90 97 104 113 113 101 Total Orders . | . . . . . . . . . . . . Ally Attacks 211 | . . 11 13 6 23 53 . 19 2 30 54 Total Damage 8227 | . . 490 480 166 1119 1997 . 739 116 1661 1459 Kills 86 | . . 11 10 3 12 25 . 6 2 6 11 Allies Corrupted . | . . . . . . . . . . . . Allies Melted . | . . . . . . . . . . . . Intel | -11 -10 -9 -9 -8 -8 -8 -7 -7 -6 -6 -5 ------- Run | Yrd Mat Mat Min Mat Gar Mat Fac DSF Fac Gar Fac Active Infowar (turns) 1092 | . 179 812 101 . . . . . . . . Structural 1092 | . 179 812 101 . . . . . . . . Robot Analysis Total . | . . . . . . . . . . . . Derelict Logs Recovered 1 | . . . 1 . . . . . . . . Drone Launches . | . . . . . . . . . . . . Drone Recoveries . | . . . . . . . . . . . . Exploration | -11 -10 -9 -9 -8 -8 -8 -7 -7 -6 -6 -5 ------------- Run | Yrd Mat Mat Min Mat Gar Mat Fac DSF Fac Gar Fac Turns Passed 5404 | 54 255 812 235 291 1115 905 20 227 404 344 742 Spaces Moved 2660 | 33 112 406 112 125 574 458 12 96 233 156 343 Core 106 | 6 . . . . . . . . . 75 25 Treads 2236 | 27 112 406 112 125 574 458 12 96 233 81 . Legs 24 | . . . . . . . . . . . 24 Wheels 287 | . . . . . . . . . . . 287 Hover 7 | . . . . . . . . . . . 7 Flight . | . . . . . . . . . . . . Fastest Speed 50 | 50 160 160 160 160 160 160 160 160 160 50 50 Average Speed 151 | 140 160 160 160 160 160 160 160 160 160 129 112 Slowest Speed 400 | 160 160 160 160 160 160 160 160 160 160 400 260 Overloaded Moves . | . . . . . . . . . . . . Propulsion Burnouts . | . . . . . . . . . . . . Robots Hopped . | . . . . . . . . . . . . Potential Cave-ins . | . . . . . . . . . . . . Cave-ins Triggered 1 | . . . . . . . . . . . 1 Exploration Rate (%) 33 | 4 30 35 43 13 70 43 . 90 8 27 10 Regions Visited 11 Branch Regions 1 Pre-discovered Areas . | . . . . . . . . . . . . Known Exits Taken 4 | . . . . 1 . 1 1 . 1 . . Unknown Exits Taken 4 | 1 1 1 1 . . . . . . . . Scrap Searched . | . . . . . . . . . . . . Spaces Dug 77 | . . . . . 77 . . . . . . Terrain Destroyed 308 | . . . . . 165 28 . 1 . 1 113 Melee . | . . . . . . . . . . . . Projectile 28 | . . . . . 2 . . 1 . 1 24 AOE 280 | . . . . . 163 28 . . . . 89 Terrain Rammed . | . . . . . . . . . . . . Walls Destroyed . | . . . . . . . . . . . . Machines Disabled . | . . . . . . . . . . . . Actions | -11 -10 -9 -9 -8 -8 -8 -7 -7 -6 -6 -5 --------- Run | Yrd Mat Mat Min Mat Gar Mat Fac DSF Fac Gar Fac Total 3456 | 38 152 516 140 197 670 545 13 142 262 265 516 Wait 144 | . 2 4 . 33 6 16 . 5 1 72 5 Move 2650 | 32 111 405 111 125 573 457 11 95 232 155 343 Hop . | . . . . . . . . . . . . Pick Up 101 | . 5 39 4 10 13 5 . 9 5 . 11 Fast Attach 56 | 6 1 2 . 3 2 1 . 2 4 3 32 Attach 43 | . 1 3 4 5 1 1 2 2 3 4 17 Detach 7 | . . . . . . . . . 1 2 4 Swap 39 | . 1 3 4 3 6 7 . 6 4 3 2 Drop 86 | . 2 25 1 9 15 8 . 10 9 3 4 Fire 311 | . 29 32 12 9 54 41 . 13 2 21 98 Melee 2 | . . . . . . 2 . . . . . Ram . | . . . . . . . . . . . . Kick . | . . . . . . . . . . . . Crush 15 | . . 3 4 . . 6 . . . 2 . Escape Stasis . | . . . . . . . . . . . . Rewire 2 | . . . . . . 1 . . 1 . . Trap . | . . . . . . . . . . . . Miscellaneous . | . . . . . . . . . . . . Route ------- -11/Scrapyard -10/Materials -9/Materials -9/Mines -8/Materials (discovered 2 exits: Fac / Gar) -8/Garrison (discovered 3 exits: [*Mat x3]) -8/Materials -7/Factory -7/DSF -6/Factory -6/Garrison -5/Factory History --------- Turn | Location | Event 6 | -11/Scrapyard | Discovered new exit (range 16) 55 | -11/Scrapyard | Entered Materials 179 | -10/Materials | Core integrity fell below 50% 294 | -10/Materials | Discovered new exit (range 7) 310 | -10/Materials | Entered another Materials area 310 | -9/Materials | Evolved 2 slots: Propulsion x2 332 | -9/Materials | Build established: Mutant 1065 | -9/Materials | Discovered new exit (range 16) 1122 | -9/Materials | Entered Mines 1202 | -9/Mines | Learned 4 Materials zone layouts 1221 | -9/Mines | Assembled infested the area 1245 | -9/Mines | Core integrity fell below 50% 1257 | -9/Mines | Core integrity fell below 20% 1277 | -9/Mines | Lost 4 parts (2n2w) 1343 | -9/Mines | Discovered new exit (range 8) 1357 | -9/Mines | Entered Materials 1357 | -8/Materials | Evolved 2 slots: Weapon x2 1358 | -8/Materials | Identified exit to Factory 1468 | -8/Materials | Garrison activated, responded to threat 1585 | -8/Materials | Repaired Lgt. Treads 1648 | -8/Materials | Identified exit to Garrison 1648 | -8/Materials | Entered Garrison 1664 | -8/Garrison | Triggered checkpoint 1728 | -8/Garrison | Triggered checkpoint 1767 | -8/Garrison | Garrison Relay disabled 2037 | -8/Garrison | Build established: Gunner 2066 | -8/Garrison | Garrison Relay disabled 2237 | -8/Garrison | Discovered new exit (range 12) 2349 | -8/Garrison | Garrison Relay disabled 2349 | -8/Garrison | Triggered checkpoint 2398 | -8/Garrison | Installed Relay Interface Framework 2480 | -8/Garrison | Triggered checkpoint 2594 | -8/Garrison | Discovered new exit (range 11) 2687 | -8/Garrison | Build established: Bothacker-Gunner 2688 | -8/Garrison | Triggered checkpoint 2739 | -8/Garrison | Discovered new exit (range 13) 2763 | -8/Garrison | Entered Materials 2992 | -8/Materials | Discovered exit to Factory (range 15) 3163 | -8/Materials | First assault squad dispatched 3337 | -8/Materials | Core integrity fell below 50% 3668 | -8/Materials | Entered Factory 3668 | -7/Factory | Accompanied by 1 ally 3668 | -7/Factory | Evolved 2 slots: Utility x2 3685 | -7/Factory | Identified exit to DSF 3688 | -7/Factory | Entered DSF 3688 | -7/DSF | Accompanied by 1 ally 3713 | -7/DSF | Additional patrols routed to DSF 3871 | -7/DSF | Sterilization system engaged 3887 | -7/DSF | Discovered new exit (range 15) 3891 | -7/DSF | Ambient heat levels rising (+10) 3906 | -7/DSF | Ambient heat levels rising (+10) 3915 | -7/DSF | Entered Factory 3915 | -6/Factory | Accompanied by 1 ally 3915 | -6/Factory | Evolved 2 slots: Utility x2 4306 | -6/Factory | Identified exit to Garrison 4319 | -6/Factory | Entered Garrison 4319 | -6/Garrison | Accompanied by 1 ally 4431 | -6/Garrison | Triggered checkpoint 4431 | -6/Garrison | Spotted B-75 Beast 4431 | -6/Garrison | Triggered checkpoint 4493 | -6/Garrison | Destroyed B-75 Beast 4540 | -6/Garrison | Lost 7 parts (3n3u1w) 4569 | -6/Garrison | Released all parts (10) 4603 | -6/Garrison | Discovered new exit (range 10) 4607 | -6/Garrison | Core integrity fell below 50% 4617 | -6/Garrison | Core integrity fell below 20% 4663 | -6/Garrison | Entered Factory 4663 | -5/Factory | Evolved 2 slots: Power x1, Weapon x1 4843 | -5/Factory | Crushed by falling debris 4843 | -5/Factory | System corruption reached 10% 4874 | -5/Factory | Lost 5 parts (1p1n1u2w) 4963 | -5/Factory | First assault squad dispatched 4968 | -5/Factory | Lost 4 parts (1p3n) 5111 | -5/Factory | Garrison activated, responded to threat 5137 | -5/Factory | Core integrity fell below 50% 5169 | -5/Factory | Destroyed 11 combat bots 5211 | -5/Factory | Lost 9 parts (4p3n1u1w) 5319 | -5/Factory | Core integrity fell below 20% 5390 | -5/Factory | Lost 7 parts (2p2n1u2w) 5405 | -5/Factory | Destroyed by Y-64 Sentinel with KE Penetrator Last Messages --------------- 05384_ Acquired 50 matter. Player 2: "ALERT: Exit nearby." 05394_ Detecting nearby Garrison Access. 05397_ C/P7N7> 2CSSNX 3R42%4 05398_ K-01 Serf destroyed. 05399_ System corrupted: Hvy. Laser failed to cycle. 05399_ Hvy. Laser destroyed. 05401_ Penetrated by Slug. Player 2: "Hey I'll trade you a Nukelaser for your Hpw. Shock Rifle. Ha!" 05402_ Plasma Rifle destroyed. 05402_ Carbon-fiber Leg destroyed. 05402_ Hpw. Shock Rifle destroyed. 05403_ K-01 Serf collects debris. 05403_ U-05 Engineer lays Concrete. 05403_ Penetrated by Slug. 05404_ Sml. Matter Pod destroyed. 05404_ U-05 Engineer lays Concrete. 05405_ Penetrated by Slug. Map ----- +----------------------------------------------------+ | ?????????????????????????????????????????????????? | | ?????????????????????????????????????????????????? | | ?????????????????????????????????????????????????? | | ?????????????????????????????????????????????????? | | ?????????????????????????????????????????????????? | | ?????????????????????????????????????????????????? | | ?????????????????????????????????????????????????? | | ?????????????????????????????????????????????????? | | ????????????????????????? ?????????????????????? | | ??????????????????????? " ?????????????????????? | | ??????????????????? " " " ?????????????????????? | | ??????????????????? #????????????????????? | | ???????????????????? #??????????????####### | | ????????????????????# ##############?# | | ????????????????????# # #?# " | | ????????????????????# # ### % " | | ????????????????????# # """""" ### % "" | | ????????????????????# # """""" ### "" | | ????????????????????# # """""" #?#%% | | ???????????? ?????# # """""" #?#%="""" | | ???????????? ??# = # % ###%""""" | | ????????????"" # % @ """"" + +% """" | | ?????????????" + """"" ### """ | | ????????????????? """""" #?# | | ????????????????????# """""" #?# | | ????????????????????# @ k ######### | | ????????????????????# ################???# | | ????????????????????# ???# | | ????????????????????# u #### | | ????????????????????#"" """ R | | ????????????????????#"" """ | | ????????????????????#G %s""" | | ????????????????????#"" Y % | | ????????????????????#"" ?? % | | ????????????????????? ??? Y % | | ????????????????????? ???? | | ????????????????????? ????? | | ????????????????????? ud????? | | ????????????????????? ?????? | | ????????????????????? ?????? | | ??????????????????????? ??????? | | ???????????????????????????????????? | | ???????????????????????????????????? | | ?????????????????????????????????????### ####### | | ??????????????????????????????????????? #?????### | | ?????????????????????????????????????? ????????? | | ?????????????????????????????????????????????????? | | ?????????????????????????????????????????????????? | | ?????????????????????????????????????????????????? | | ?????????????????????????????????????????????????? | +----------------------------------------------------+ Best States ------------- Heat Dissipation 97 Coolant Potential 80 Energy Generation 31 Energy Capacity 350 Matter Stores 350 Matter Capacity 350 Sight Range 16 Terrain Scan Density 110 Base Temperature (-) 150 Armor Coverage 450 Core Shielding 20 Propulsion Shielding 33 Evasion (%) 55 Targeting Accuracy 6 Recoil Reduction 4 Energy Filtering 30 Relay Coupler Types 1 Relay Coupler Value 24 Item Schematics ----------------- None Robot Schematics ------------------ None Fabricated ------------ Nothing Repaired ---------- Lgt. Treads | 10% | -8/Materials Alien Tech Used ----------------- None Achievements -------------- None Challenges ------------ None Player 2 | -11 -10 -9 -9 -8 -8 -8 -7 -7 -6 -6 -5 ---------- Run | Yrd Mat Mat Min Mat Gar Mat Fac DSF Fac Gar Fac Slots Evolved 10 | . 2 . 2 . . 2 . 2 . 2 . Power 1 | . . . . . . . . 1 . . . Propulsion 3 | . 1 . . . . 1 . 1 . . . Utility 3 | . . . . . . 1 . . . 2 . Weapon 3 | . 1 . 2 . . . . . . . . Parts Attached 140 | . 9 23 9 5 3 16 2 12 6 7 48 Parts Lost 59 | . 1 1 9 . . 5 . 4 1 16 22 Damage Taken 7539 | . 238 151 780 . 225 1501 . 415 15 2424 1790 Core 1823 | . 106 30 230 . 17 286 . 36 . 605 513 Player 2/Cogmind (%) 64 | . 65 50 68 . 21 92 . 42 . 78 50 Absorbed by Shields 4 | . . . . . 4 . . . . . . Damage Inflicted 8227 | . . 490 480 166 1119 1997 . 739 116 1661 1459 Player 2/Cogmind (%) 40 | . . 46 57 40 47 48 . 52 37 68 21 Combat Hostiles Destroyed 62 | . . 6 9 3 12 14 . 6 1 6 5 Player 2/Cogmind (%) 42 | . . 54 64 42 48 50 . 54 50 54 14 Game ------ Seed FissionFortressReplica Manual? 0 Play Time 00:41:10 Cumulative 318.2 hours Start 2025.06.29 @ 19:25:46 End 2025.06.29 @ 20:12:56 Sessions 1 Manual Loads 0 Difficulty Rogue Special Mode AFD2020/Player2 Game No. 281 Rogue 281 Adventurer 0 Explorer 0 Win Type - Total 2 Types 1/1/0/0/0/0/0/0/0/0 Lore% 78 Gallery% 81 Achievement% 72 Wizard Run 0 Options --------- Layout 1 ASCII 0 Keyboard 0 Movement Numpad Keybinds 0 Fullscreen 1 Font 24/Smallcaps Map View 50x35 Zoom Use 0% Tactical HUD 1 Map Filters NONE Filters NONE Steam 1 RUN: d5a148fc-c93b-43db-af7d-0fbabbb74bba